TOP OF THE 1ST |
---|
Wichita Wranglers batting - Pitching for Memphis Blues : LHP António Dávila | Pitching: LHP António Dávila | | Batting: RHB Dave Boom | 0-0: Called Strike 0-1: Ball 1-1: Ball 2-1: Foul Ball, location: 2F 2-2: Ball 3-2: Strikes out looking | Batting: LHB Dudley Cooper | 0-0: Called Strike 0-1: Ground out U3 (Groundball, 34) | Batting: RHB Hubert MacDonald | 0-0: Ball 1-0: Ball 2-0: Ball 3-0: Base on Balls | Batting: LHB Milo Powers | 0-0: Called Strike 0-1: Called Strike 0-2: Fly out, F4 (Popup, 4S) | Top of the 1st over - 0 runs, 0 hits, 0 errors, 1 left on base; Wichita 0 - Memphis 0 | BOTTOM OF THE 1ST |
---|
Memphis Blues batting - Pitching for Wichita Wranglers : RHP Tony Cruz | Pitching: RHP Tony Cruz | | Batting: RHB Brandon Townsley | 0-0: Ball 1-0: Ball 2-0: Ball 3-0: Base on Balls | Batting: LHB Brenton Carter | 0-0: Called Strike 0-1: SINGLE (Groundball, 4MD) Brandon Townsley to second | Batting: LHB Weston Chaney | 0-0: Ball 1-0: Ball 2-0: Called Strike 2-1: Ball 3-1: Foul Ball, location: 2F 3-2: Fly out, F8 (Flyball, 78M) | Batting: LHB John Foster | 0-0: Foul Ball, location: 2F 0-1: Ball 1-1: Ball 2-1: Ball 3-1: Base on Balls Brandon Townsley to third Brenton Carter to second | Batting: RHB Aaron Grizzle | 0-0: Called Strike 0-1: Ball 1-1: Ball 2-1: Ball 3-1: Base on Balls Brandon Townsley scores Brenton Carter to third John Foster to second | Batting: RHB Julian Lee | 0-0: Ball 1-0: Ball 2-0: Ball 3-0: Base on Balls Brenton Carter scores John Foster to third Aaron Grizzle to second | Batting: RHB Jonny Lord | 0-0: Swinging Strike 0-1: Ball 1-1: Ball 2-1: Called Strike 2-2: Ball 3-2: Strikes out swinging | Batting: LHB Armando Domínguez | 0-0: SINGLE (Groundball, 34S) (infield hit) John Foster scores Aaron Grizzle to third Julian Lee to second | Batting: RHB Salvador Mendoza | 0-0: Foul Ball, location: 2F 0-1: SINGLE (Line Drive, 89S) Aaron Grizzle scores Julian Lee to third Armando Domínguez to second Runner from 3rd tries for Home, SAFE, no throw | Batting: RHB Brandon Townsley | 0-0: Called Strike 0-1: Foul Ball, location: 2F 0-2: Ball 1-2: SINGLE (Groundball, 56D) Armando Domínguez to third Salvador Mendoza to second Runner from 3rd tries for Home, SAFE, no throw | Batting: LHB Brenton Carter | 0-0: Called Strike 0-1: Ball 1-1: Ball 2-1: Ball 3-1: Called Strike 3-2: Base on Balls Salvador Mendoza to third Brandon Townsley to second | Batting: LHB Weston Chaney | 0-0: Ball 1-0: Fly out, F7 (Flyball, 7) | Bottom of the 1st over - 6 runs, 4 hits, 0 errors, 3 left on base; Wichita 0 - Memphis 6 | TOP OF THE 2ND |
---|
Wichita Wranglers batting - Pitching for Memphis Blues : LHP António Dávila | Batting: LHB Glenn Williamson | 0-0: Foul Ball, location: 2F 0-1: Swinging Strike 0-2: Foul Ball, location: 2F 0-2: Ball 1-2: Ball 2-2: Foul Ball, location: 2F 2-2: SINGLE (Flyball, 89S) | Batting: LHB Al Miller | 0-0: Ball 1-0: Fly out, F7 (Line Drive, 7) | Batting: RHB Stan Taylor | 0-0: Fly out, F5 (Line Drive, 5) | Batting: RHB Travis Ezell | 0-0: Called Strike 0-1: Fly out, F4 (Popup, 4S) | Top of the 2nd over - 0 runs, 1 hit, 0 errors, 1 left on base; Wichita 0 - Memphis 6 | BOTTOM OF THE 2ND |
---|
Memphis Blues batting - Pitching for Wichita Wranglers : RHP Tony Cruz | Batting: LHB John Foster | 0-0: Foul Ball, location: 2F 0-1: Ball 1-1: Ground out U3 (Groundball, 23) | Batting: RHB Aaron Grizzle | 0-0: Foul Ball, location: 2F 0-1: Called Strike 0-2: Strikes out swinging | Batting: RHB Julian Lee | 0-0: Called Strike 0-1: Ball 1-1: Ball 2-1: Ball 3-1: Called Strike 3-2: Base on Balls | Batting: RHB Jonny Lord | 0-0: Fielders Choice at 2nd, 6-4 (Groundball, 6) | Bottom of the 2nd over - 0 runs, 0 hits, 0 errors, 1 left on base; Wichita 0 - Memphis 6 | TOP OF THE 3RD |
---|
Wichita Wranglers batting - Pitching for Memphis Blues : LHP António Dávila | Batting: RHB Miguel García | 0-0: Ground out 6-3 (Groundball, 6) | Batting: RHB Dave Boom | 0-0: Called Strike 0-1: Ball 1-1: Foul Ball, location: 2F 1-2: Ball 2-2: SINGLE (Flyball, 7LS) | Batting: LHB Dudley Cooper | 0-0: Called Strike 0-1: Ball 1-1: Foul Ball, location: 2F 1-2: Ball 2-2: Grounds into double play, 4-6-3 (Groundball, 4) | Top of the 3rd over - 0 runs, 1 hit, 0 errors, 0 left on base; Wichita 0 - Memphis 6 | BOTTOM OF THE 3RD |
---|
Memphis Blues batting - Pitching for Wichita Wranglers : RHP Tony Cruz | Batting: LHB Armando Domínguez | 0-0: Called Strike 0-1: Ball 1-1: Ball 2-1: Ground out 4-3 (Groundball, 4) | Batting: RHB Salvador Mendoza | 0-0: Ball 1-0: DOUBLE (Flyball, 89D) | Batting: RHB Brandon Townsley | 0-0: Swinging Strike 0-1: Ball 1-1: Swinging Strike 1-2: Strikes out swinging | Batting: LHB Brenton Carter | 0-0: Ball 1-0: Foul Ball, location: 2F 1-1: Fly out, F9 (Flyball, 9) | Bottom of the 3rd over - 0 runs, 1 hit, 0 errors, 1 left on base; Wichita 0 - Memphis 6 | TOP OF THE 4TH |
---|
Wichita Wranglers batting - Pitching for Memphis Blues : LHP António Dávila | Batting: RHB Hubert MacDonald | 0-0: Swinging Strike 0-1: Foul Ball, location: 2F 0-2: Strikes out swinging | Batting: LHB Milo Powers | 0-0: Ball 1-0: Foul Ball, location: 2F 1-1: Ball 2-1: Ground out U3 (Groundball, 3) | Batting: LHB Glenn Williamson | 0-0: Ball 1-0: Swinging Strike 1-1: Foul Ball, location: 2F 1-2: Ball 2-2: Strikes out swinging | Top of the 4th over - 0 runs, 0 hits, 0 errors, 0 left on base; Wichita 0 - Memphis 6 | BOTTOM OF THE 4TH |
---|
Memphis Blues batting - Pitching for Wichita Wranglers : RHP Tony Cruz | Batting: LHB Weston Chaney | 0-0: SINGLE (Flyball, 9S) - OUT at second base trying to stretch hit. | Batting: LHB John Foster | 0-0: Called Strike 0-1: Fly out, F3 (Line Drive, 3) | Batting: RHB Aaron Grizzle | 0-0: Ball 1-0: Swinging Strike 1-1: Ball 2-1: Ball 3-1: Foul Ball, location: 2F 3-2: Ground out 6-3 (Groundball, 6) | Bottom of the 4th over - 0 runs, 1 hit, 0 errors, 0 left on base; Wichita 0 - Memphis 6 | TOP OF THE 5TH |
---|
Wichita Wranglers batting - Pitching for Memphis Blues : LHP António Dávila | Batting: LHB Al Miller | 0-0: Ball 1-0: Ball 2-0: Ball 3-0: Base on Balls | Batting: RHB Stan Taylor | 0-0: Ball 1-0: Fielders Choice at 2nd, 4-6 (Groundball, 4M) | Batting: RHB Travis Ezell | 0-0: Called Strike 0-1: Called Strike 0-2: Ball 1-2: Foul Ball, location: 2F 1-2: Ball 2-2: Ball 3-2: Ground out 1-3 (Groundball, 15S) Stan Taylor to second | Batting: RHB Miguel García | 0-0: Ball 1-0: Foul Ball, location: 2F 1-1: Ground out 5-3 (Groundball, 56) | Top of the 5th over - 0 runs, 0 hits, 0 errors, 1 left on base; Wichita 0 - Memphis 6 | BOTTOM OF THE 5TH |
---|
Memphis Blues batting - Pitching for Wichita Wranglers : RHP Tony Cruz | Batting: RHB Julian Lee | 0-0: Ball 1-0: Ball 2-0: Ball 3-0: Base on Balls | Batting: RHB Jonny Lord | 0-0: Called Strike 0-1: Swinging Strike 0-2: Fly out, F7 (Flyball, 7S) Lined into DP, 7-3 (Flyball, 7S) | Batting: LHB Armando Domínguez | 0-0: Ground out U3 (Groundball, 34) | Bottom of the 5th over - 0 runs, 0 hits, 0 errors, 0 left on base; Wichita 0 - Memphis 6 | TOP OF THE 6TH |
---|
Wichita Wranglers batting - Pitching for Memphis Blues : LHP António Dávila | Batting: RHB Dave Boom | 0-0: Fly out, F7 (Flyball, 7LM) | Batting: LHB Dudley Cooper | 0-0: Ball 1-0: Foul Ball, location: 2F 1-1: Ground out 4-3 (Groundball, 4) | Batting: RHB Hubert MacDonald | 0-0: Ball 1-0: Foul Ball, location: 2F 1-1: Ball 2-1: Foul Ball, location: 2F 2-2: Foul Ball, location: 2F 2-2: Ball 3-2: Base on Balls | Batting: LHB Milo Powers | 0-0: SINGLE (Flyball, 7LS) Hubert MacDonald to second | Batting: LHB Glenn Williamson | 0-0: Ball 1-0: Foul Ball, location: 2F 1-1: Foul Ball, location: 2F 1-2: Ball 2-2: Foul Ball, location: 2F 2-2: Strikes out looking | Top of the 6th over - 0 runs, 1 hit, 0 errors, 2 left on base; Wichita 0 - Memphis 6 | BOTTOM OF THE 6TH |
---|
Memphis Blues batting - Pitching for Wichita Wranglers : RHP Tony Cruz | Batting: RHB Salvador Mendoza | 0-0: Swinging Strike 0-1: Ground out 4-3 (Groundball, 4) | Batting: RHB Brandon Townsley | 0-0: Called Strike 0-1: Ground out U3 (Groundball, 34) | Batting: LHB Brenton Carter | 0-0: Called Strike 0-1: Ball 1-1: Ball 2-1: Foul Ball, location: 2F 2-2: Ground out 4-3 (Groundball, 34) | Bottom of the 6th over - 0 runs, 0 hits, 0 errors, 0 left on base; Wichita 0 - Memphis 6 | TOP OF THE 7TH |
---|
Wichita Wranglers batting - Pitching for Memphis Blues : LHP António Dávila | Batting: LHB Al Miller | 0-0: Foul Ball, location: 2F 0-1: Ball 1-1: Foul Ball, location: 2F 1-2: Foul Ball, location: 2F 1-2: Ball 2-2: Foul Ball, location: 2F 2-2: Foul Ball, location: 2F 2-2: Fly out, F8 (Flyball, 8RM) | Batting: RHB Stan Taylor | 0-0: Foul Ball, location: 2F 0-1: SINGLE (Groundball, 6MD) | Batting: RHB Travis Ezell | Pickoff Throw to First - Error! E1 Stan Taylor to second 0-0: Called Strike 0-1: Ball 1-1: Fly out, F5 (Line Drive, 5) | Batting: RHB Miguel García | 0-0: Ball 1-0: Foul Ball, location: 2F 1-1: Ball 2-1: Ball 3-1: SINGLE (Line Drive, 7LM) Stan Taylor to third | Batting: RHB Dave Boom | 0-0: Ball 1-0: Ground out 4-3 (Groundball, 4) | Top of the 7th over - 0 runs, 2 hits, 1 error, 2 left on base; Wichita 0 - Memphis 6 | BOTTOM OF THE 7TH |
---|
Memphis Blues batting - Pitching for Wichita Wranglers : RHP Tony Cruz | Pitching: LHP Vernon Mathis | | Batting: LHB Weston Chaney | 0-0: Ball 1-0: Ball 2-0: Called Strike 2-1: Ball 3-1: Foul Ball, location: 2F 3-2: Fly out, F8 (Flyball, 8LM) | Batting: LHB John Foster | 0-0: Ball 1-0: SINGLE (Flyball, 9LM) | Batting: RHB Aaron Grizzle | 0-0: Ball 1-0: Grounds into double play, 5-4-3 (Groundball, 56) | Bottom of the 7th over - 0 runs, 1 hit, 0 errors, 0 left on base; Wichita 0 - Memphis 6 | TOP OF THE 8TH |
---|
Wichita Wranglers batting - Pitching for Memphis Blues : LHP António Dávila | Now at 1B: Fernando Gutiérrez | | Now in LF: Artie Green | | Batting: LHB Dudley Cooper | 0-0: Ball 1-0: Fly out, F9 (Flyball, 9LM) | Batting: RHB Hubert MacDonald | 0-0: Called Strike 0-1: Called Strike 0-2: Ground out 6-3 (Groundball, 6) | Batting: LHB Milo Powers | 0-0: Ball 1-0: Called Strike 1-1: Foul Ball, location: 2F 1-2: Ball 2-2: Ball 3-2: Ground out 6-3 (Groundball, 6MS) | Top of the 8th over - 0 runs, 0 hits, 0 errors, 0 left on base; Wichita 0 - Memphis 6 | BOTTOM OF THE 8TH |
---|
Memphis Blues batting - Pitching for Wichita Wranglers : LHP Vernon Mathis | Batting: RHB Julian Lee | 0-0: Ball 1-0: Ball 2-0: Swinging Strike 2-1: Ground out 5-3 (Groundball, 5L) | Batting: RHB Jonny Lord | 0-0: Called Strike 0-1: Ball 1-1: Fly out, F8 (Flyball, 8RM) | Batting: LHB Armando Domínguez | 0-0: Fly out, F6 (Line Drive, 56D) | Bottom of the 8th over - 0 runs, 0 hits, 0 errors, 0 left on base; Wichita 0 - Memphis 6 | TOP OF THE 9TH |
---|
Wichita Wranglers batting - Pitching for Memphis Blues : LHP António Dávila | Batting: LHB Glenn Williamson | 0-0: Ball 1-0: Ball 2-0: Ball 3-0: Called Strike 3-1: Foul Ball, location: 2F 3-2: Strikes out swinging | Pitching: LHP Fernando Palácios | | Batting: LHB Al Miller | 0-0: Foul Ball, location: 2F 0-1: Ball 1-1: Ball 2-1: Swinging Strike 2-2: Ball 3-2: Base on Balls | Pitching: LHP Peter Turner | | Batting: RHB Stan Taylor | 0-0: Called Strike 0-1: Ball 1-1: Ball 2-1: DOUBLE (Flyball, 8LXD) Al Miller to third | Pitching: RHP Luis Pistoni | | Batting: RHB Travis Ezell | 0-0: Swinging Strike 0-1: Ball 1-1: Called Strike 1-2: Strikes out swinging | Batting: RHB Miguel García | 0-0: Ball 1-0: Foul Ball, location: 2F 1-1: Ball 2-1: Ball 3-1: Called Strike 3-2: Base on Balls | Batting: RHB Dave Boom | 0-0: Swinging Strike 0-1: Called Strike 0-2: Ball 1-2: Ball 2-2: Strikes out swinging | Top of the 9th over - 0 runs, 1 hit, 0 errors, 3 left on base; Wichita 0 - Memphis 6 | |